Map: 贝克特工业-天梯版

Players

JieShi - Winner!

  • Race: Protoss Protoss

Cyan

  • Race: Protoss Protoss
  • League: Master

Event: DreamHack SC2 Masters 2021 Winter

VOD

Have the link to the VOD?

Description

Time

  • Played on: Oct. 6, 2021, 7:23 a.m.
  • Length: 14:07

All games in this series

Show
View Real Time Build Order
Export as new Build Order

JieShi Protoss - Winner!

Build Orders:  

Get SALT Encoding   

  12  0:00  Probe  
  13  0:12  Probe  
  14  0:17  Pylon  
  14  0:24  Probe (Chrono Boost)  
  15  0:37  Gateway, Probe (Chrono Boost)  
  16  0:44  Probe (Chrono Boost)  
  16  0:46  Assimilator  
  17  0:51  Probe  
  17  0:55  Assimilator  
  18  1:03  Probe (Chrono Boost)  
  19  1:08  Gateway  
  19  1:13  Probe (Chrono Boost)  
  19  1:18  Probe (Chrono Boost)  
  20  1:25  Cybernetics Core  
  21  1:29  Probe  
  22  1:36  Pylon  
  22  1:41  Probe  
  23  1:54  Probe  
  24  2:02  Stalker x2  
  24  2:04  Warp Gate  
  28  2:15  Pylon  
  28  2:32  Stalker  
  28  2:33  Stalker  
  31  2:48  Probe  
  32  3:04  Nexus  
  32  3:07  Probe, Sentry x2  
  37  3:13  Shield Battery  
  33  3:28  Probe  
  33  3:33  Pylon  
  34  3:38  Twilight Council  
  34  3:40  Probe  
  35  3:52  Probe (Chrono Boost)  
  35  3:53  Shield Battery  
  36  3:55  Stalker  
  36  3:58  Sentry  
  40  4:04  Probe (Chrono Boost)  
  41  4:10  Blink (Chrono Boost)  
  41  4:12  Probe (Chrono Boost)  
  42  4:18  Probe (Chrono Boost)  
  44  4:24  Probe (Chrono Boost)  
  44  4:27  Probe (Chrono Boost)  
  46  4:31  Probe (Chrono Boost)  
  46  4:32  Probe (Chrono Boost)  
  47  4:43  Probe  
  47  4:44  Probe  
  49  4:47  Robotics Facility  
  49  4:55  Probe  
  49  4:56  Gateway, Probe  
  49  4:57  Gateway  
  52  5:07  Probe  
  52  5:08  Probe, Pylon  
  53  5:19  Nexus, Probe  
  53  5:20  Probe  
  55  5:22  Pylon  
  55  5:27  Stalker  
  57  5:32  Probe x2  
  59  5:37  Observer (Chrono Boost)  
  59  5:40  Forge  
  60  5:43  Assimilator  
  60  5:46  Probe x2, Shield Battery  
  62  5:58  Probe x2  
  62  6:04  Stalker x3, Assimilator  
  64  6:10  Probe x2  
  72  6:16  Immortal (Chrono Boost)  
  72  6:19  Protoss Ground Weapons Level 1 (Chrono Boost)  
  72  6:23  Probe x2 (Chrono Boost)  
  72  6:24  Observer  
  78  6:25  Pylon  
  78  6:28  Pylon  
  78  6:31  Probe (Chrono Boost)  
  79  6:39  Pylon  
  82  6:40  Probe x2 (Chrono Boost)  
  82  6:41  Probe (Chrono Boost)  
  82  6:43  Adept x2  
  82  6:46  Probe (Chrono Boost)  
  86  6:47  Probe x2  
  86  6:49  Stalker, Observer  
  86  6:54  Gateway  
  91  6:58  Probe  
  91  7:00  Gateway  
  92  7:03  Gateway  
  92  7:05  Gateway  
  92  7:10  Pylon  
  92  7:13  Stalker x2  
  96  7:17  Photon Cannon  
  94  7:31  Immortal (Chrono Boost)  
  94  7:36  Stalker x2  
  94  7:37  Stalker, Robotics Bay  
  102  7:40  Stalker  
  102  7:43  Photon Cannon  
  104  7:47  Photon Cannon  
  104  7:48  Probe  
  104  7:49  Probe  
  105  7:53  Stalker  
  105  7:55  Stalker  
  109  7:59  Assimilator  
  109  8:01  Assimilator  
  109  8:03  Observer  
  109  8:05  Stalker  
  112  8:06  Pylon  
  112  8:08  Protoss Ground Weapons Level 2 (Chrono Boost)  
  112  8:12  Stalker  
  114  8:20  Stalker, Pylon  
  114  8:23  Probe x3  
  114  8:24  Warp Prism (Chrono Boost)  
  121  8:28  Pylon  
  121  8:29  Pylon  
  121  8:31  Stalker  
  121  8:50  Stalker x3  
  121  8:51  Stalker x2, Disruptor (Chrono Boost)  
  134  9:10  Stalker  
  134  9:11  Stalker x2  
  134  9:16  Stalker x2  
  134  9:17  Stalker x2  
  130  9:27  Stalker  
  130  9:28  Disruptor  
  135  9:34  Stalker x2  
  135  9:38  Stalker  
  141  9:39  Stalker  
  141  9:41  Stalker x2  
  147  9:53  Stalker x2  
  148  10:01  Disruptor (Chrono Boost)  
  148  10:05  Stalker x2  
  148  10:09  Pylon  
  148  10:10  Pylon  
  148  10:22  Pylon  
  148  10:23  Observer  
  148  10:28  Stalker x2, Disruptor (Chrono Boost)  
  134  10:29  Stalker x3  
  134  10:30  Stalker x2  
  151  10:43  Stalker  
  151  10:49  Observer  
  153  10:50  Pylon  
  153  10:52  Nexus  
  153  10:54  Protoss Ground Weapons Level 3 (Chrono Boost)  
  153  10:55  Disruptor  
  138  11:08  Stalker  
  138  11:09  Stalker  
  142  11:13  Stalker  
  142  11:14  Stalker  
  142  11:15  Pylon  
  145  11:29  Stalker x4  
  145  11:31  Disruptor  
  144  11:57  Stalker x5  
  144  11:58  Stalker x3  
  150  12:06  Disruptor  
  143  12:11  Probe x2  
  102  12:30  Stalker x2  
  102  12:31  Stalker x6  
  110  12:43  Observer (Chrono Boost)  
  109  12:54  Probe x3  
  109  12:58  Photon Cannon  
  112  12:59  Shield Battery  
  112  13:00  Stalker x5  
  112  13:01  Stalker x3, Disruptor (Chrono Boost)  
  131  13:07  Probe  
  128  13:23  Disruptor  
  128  13:25  Stalker x5  
  128  13:26  Stalker x2  
  139  13:29  Stalker  
  139  13:31  Probe (Chrono Boost)  
  145  13:40  Probe (Chrono Boost)  
  138  13:52  Stalker x5  
  138  13:53  Stalker x3  
Show
View Real Time Build Order
Export as new Build Order

Cyan Protoss 

Build Orders: Phoenix Opening 

Get SALT Encoding   

  12  0:00  Probe  
  13  0:12  Probe  
  14  0:17  Pylon  
  14  0:24  Probe (Chrono Boost)  
  15  0:36  Probe (Chrono Boost)  
  15  0:38  Gateway  
  16  0:44  Probe (Chrono Boost)  
  16  0:46  Assimilator  
  17  0:51  Probe  
  18  0:59  Assimilator  
  18  1:03  Probe (Chrono Boost)  
  19  1:11  Gateway  
  19  1:14  Probe (Chrono Boost)  
  20  1:19  Probe (Chrono Boost)  
  21  1:26  Cybernetics Core  
  21  1:29  Probe  
  22  1:35  Pylon  
  22  1:41  Probe  
  23  1:53  Probe  
  24  2:00  Warp Gate (Chrono Boost)  
  24  2:02  Stalker x2  
  28  2:10  Pylon  
  28  2:19  Probe, Shield Battery  
  29  2:30  Pylon  
  29  2:35  Stalker  
  29  2:36  Stalker  
  33  3:02  Nexus  
  33  3:10  Sentry x2  
  33  3:11  Probe  
  38  3:19  Pylon  
  36  3:30  Shield Battery  
  36  3:31  Probe  
  37  3:41  Twilight Council  
  37  3:43  Probe  
  38  3:49  Phoenix  
  38  3:51  Forge  
  38  3:55  Probe  
  38  4:07  Probe (Chrono Boost)  
  39  4:15  Probe (Chrono Boost)  
  39  4:16  Sentry  
  42  4:17  Stalker  
  42  4:19  Probe (Chrono Boost)  
  42  4:21  Blink (Chrono Boost)  
  42  4:22  Protoss Ground Weapons Level 1 (Chrono Boost)  
  42  4:23  Probe (Chrono Boost)  
  46  4:25  Probe (Chrono Boost)  
  46  4:28  Probe (Chrono Boost)  
  48  4:38  Probe  
  49  4:40  Probe  
  50  4:52  Pylon  
  51  4:53  Robotics Facility, Probe (Chrono Boost)  
  51  4:54  Probe (Chrono Boost)  
  52  5:03  Gateway  
  52  5:04  Probe (Chrono Boost)  
  52  5:06  Probe (Chrono Boost)  
  54  5:07  Gateway  
  54  5:08  Probe (Chrono Boost)  
  54  5:12  Assimilator  
  55  5:17  Stalker  
  55  5:20  Stalker  
  59  5:22  Probe  
  59  5:28  Pylon  
  60  5:29  Probe  
  61  5:41  Nexus  
  61  5:49  Stalker  
  63  5:50  Shield Battery  
  63  5:55  Stalker  
  65  6:02  Immortal  
  69  6:05  Probe  
  69  6:09  Pylon  
  70  6:16  Pylon  
  70  6:21  Protoss Ground Weapons Level 2 (Chrono Boost)  
  70  6:27  Probe x2  
  72  6:35  Stalker x2  
  72  6:39  Probe x2  
  78  6:42  Stalker  
  78  6:44  Observer  
  78  6:46  Stalker  
  83  6:50  Pylon  
  83  6:51  Probe x2  
  83  6:54  Probe  
  86  7:01  Gateway  
  86  7:03  Probe x2  
  86  7:04  Gateway  
  86  7:06  Probe  
  89  7:12  Gateway  
  89  7:17  Gateway  
  89  7:21  Immortal (Chrono Boost)  
  89  7:25  Stalker x2  
  96  7:30  Probe  
  96  7:34  Stalker x2  
  99  7:42  Pylon  
  99  7:47  Probe x2  
  101  7:53  Warp Prism  
  101  7:55  Assimilator, Probe  
  104  7:59  Stalker x2, Probe  
  104  8:00  Probe  
  104  8:02  Stalker  
  104  8:04  Stalker  
  114  8:09  Pylon  
  114  8:10  Pylon  
  114  8:14  Stalker  
  114  8:16  Pylon  
  116  8:28  Protoss Ground Weapons Level 3 (Chrono Boost)  
  116  8:29  Observer (Chrono Boost)  
  116  8:32  Nexus  
  117  8:38  Probe x2  
  117  8:49  Stalker x6  
  117  8:52  Stalker  
  117  8:55  Stalker  
  133  8:57  Probe x2  
  135  9:05  Photon Cannon  
  121  9:18  Stalker x5  
  121  9:23  Stalker  
  125  9:27  Adept x2  
  129  9:37  Gateway x2  
  129  9:43  Stalker x3  
  136  9:45  Probe x2  
  136  9:48  Stalker  
  136  9:51  Stalker  
  131  10:04  Stalker x2  
  131  10:06  Probe x3  
  134  10:08  Probe, Pylon, Shield Battery  
  134  10:11  Photon Cannon  
  134  10:12  Photon Cannon  
  133  10:17  Photon Cannon  
  133  10:24  Warp Prism, Observer  
  129  10:32  Stalker x5  
  129  10:35  Probe x2  
  141  10:37  Probe x2  
  141  10:44  Charge (Chrono Boost)  
  141  10:53  Stalker x4  
  145  11:02  Stalker x2  
  137  11:06  Stalker  
  137  11:09  Assimilator  
  139  11:11  Stalker  
  139  11:12  Shield Battery  
  139  11:13  Stalker  
  139  11:15  Assimilator  
  139  11:17  Pylon  
  143  11:19  Stalker  
  145  11:26  Stalker x2  
  149  11:32  Stalker  
  149  11:36  Pylon  
  149  11:37  Stalker, Pylon  
  149  11:38  Pylon  
  150  11:45  Stalker x2  
  137  11:48  Stalker  
  137  11:52  Stalker  
  137  11:53  Zealot x4  
  133  11:56  Stalker  
  125  12:02  Stalker  
  113  12:09  Stalker x2  
  113  12:12  Stalker  
  113  12:13  Zealot  
  113  12:14  Zealot x3  
  113  12:17  Zealot  
  113  12:19  Zealot  
  98  12:27  Stalker  
  98  12:28  Stalker x2  
  98  12:29  Stalker  
  84  12:31  Stalker  
  84  12:34  Stalker  
  84  12:36  Zealot x2  
  83  12:40  Stalker  
  83  12:42  Zealot  
  80  12:51  Stalker x2  
  84  12:54  Stalker  
  84  12:58  Stalker  
  84  13:01  Stalker  
  84  13:05  Stalker  
  90  13:12  Zealot x2  
  94  13:15  Stalker  
  94  13:19  Stalker  
  94  13:32  Zealot  
  94  13:33  Zealot  
  98  13:36  Stalker x2  
  98  13:38  Zealot  
  104  13:45  Zealot x2  
  96  13:51  Zealot x2  
  87  13:56  Stalker  

Tags
 
Add a new tag
Caveats
  • Supply blocks, unpowered buildings, or Contaminate may cause inaccurate times.
  • Supply counts are checked every 10 seconds.